Map: Cerulean Fall LE

Players

Piroxiljin - Winner!

  • Race: Terran Terran
  • Spawn Location: 1:00

A.I. 1 (Hard)

  • Race: Terran Terran
  • Spawn Location: 7:00

VOD

Have the link to the VOD?

Description

Time

  • Played on: Jan. 19, 2019, 8:27 a.m.
  • Length: 25:42
Show
View Real Time Build Order
Export as new Build Order

Piroxiljin Terran - Winner!

Build Orders: Mech 

Get SALT Encoding   

  12  0:01  SCV  
  13  0:13  SCV  
  14  0:19  Supply Depot  
  14  0:27  SCV  
  15  0:33  Refinery  
  15  0:38  Refinery  
  15  0:41  SCV  
  16  0:57  Barracks  
  16  1:03  SCV  
  17  1:15  SCV  
  18  1:27  SCV  
  19  1:39  SCV  
  20  1:45  Supply Depot  
  20  1:49  Barracks Tech Lab  
  20  1:51  Orbital Command  
  20  2:05  Engineering Bay  
  20  2:09  Marauder  
  22  2:16  Factory  
  22  2:19  Concussive Shells  
  22  2:26  SCV  
  23  2:35  Marauder  
  25  2:39  Terran Infantry Weapons Level 1  
  25  2:42  SCV  
  26  2:56  SCV  
  27  3:15  Starport  
  27  3:17  Barracks Tech Lab  
  27  3:19  SCV  
  28  3:25  Hellion  
  30  3:39  Factory, Combat Shield  
  30  3:41  SCV  
  31  3:56  Supply Depot  
  31  3:59  Supply Depot  
  31  4:17  Cyclone, Medivac  
  31  4:18  Factory  
  36  4:43  Marauder  
  38  4:48  Factory Reactor  
  38  4:49  Siege Tank  
  37  5:05  Marauder  
  32  5:33  Cyclone  
  37  5:35  Hellion  
  37  5:36  Widow Mine  
  39  5:44  Factory Tech Lab  
  41  5:57  SCV, Widow Mine  
  42  6:04  Terran Infantry Armor Level 1  
  42  6:05  Command Center  
  42  6:07  Barracks Tech Lab  
  42  6:10  Siege Tank  
  45  6:34  Hellion  
  47  6:41  Supply Depot  
  47  6:42  Supply Depot x2  
  47  6:45  Supply Depot  
  47  7:02  SCV  
  47  7:03  Hellion  
  47  7:06  Armory  
  47  7:07  Widow Mine  
  52  7:14  SCV  
  53  7:16  Cyclone  
  56  7:24  Widow Mine  
  56  7:27  SCV  
  59  7:48  Cyclone  
  62  7:54  Widow Mine x2  
  62  7:58  SCV  
  67  8:08  SCV, Refinery  
  67  8:10  SCV  
  69  8:18  Terran Infantry Weapons Level 2  
  67  8:21  Cyclone  
  68  8:40  SCV  
  62  8:52  SCV  
  61  9:06  Terran Vehicle Weapons Level 1  
  59  9:10  Armory  
  59  9:11  Cloaking Field  
  60  9:21  Orbital Command  
  60  9:22  Refinery  
  59  9:34  Supply Depot  
  59  9:35  Supply Depot  
  59  9:38  Supply Depot  
  59  9:39  Supply Depot, Thor  
  59  9:44  Hellion x2  
  69  9:47  Marauder  
  69  9:52  SCV  
  72  9:59  SCV  
  73  10:04  SCV  
  73  10:05  Hellion  
  76  10:08  Terran Vehicle And Ship Armor Level 1  
  76  10:09  Marauder  
  76  10:10  Starport  
  78  10:17  Hellbat  
  80  10:30  Marine  
  81  10:48  SCV  
  82  10:51  Cyclone x2  
  88  11:28  Banshee  
  88  11:31  Hyperflight Rotors  
  85  11:36  Siege Tank  
  85  11:39  Hellion x2  
  86  11:40  Command Center  
  86  11:41  Viking  
  86  11:44  Terran Vehicle Weapons Level 2  
  86  11:45  Siege Tank  
  86  11:46  Drilling Claws  
  77  12:11  Viking  
  76  12:40  Liberator  
  76  12:52  Siege Tank x2  
  85  13:03  SCV  
  85  13:04  Refinery  
  86  13:05  Orbital Command  
  86  13:11  Terran Vehicle And Ship Armor Level 2  
  86  13:16  SCV  
  87  13:24  Starport Tech Lab, Thor x2  
  99  13:27  Hellion x2  
  99  13:34  Fusion Core  
  103  13:36  SCV  
  103  13:37  SCV  
  105  13:49  SCV  
  106  14:01  SCV  
  107  14:33  Cyclone x2  
  103  15:05  Siege Tank x2  
  107  15:20  SCV  
  108  15:21  SCV  
  109  15:32  SCV  
  109  15:33  SCV  
  109  15:34  Terran Vehicle Weapons Level 3  
  111  15:37  Thor  
  117  15:45  SCV  
  117  15:48  Liberator  
  118  15:58  SCV  
  118  16:03  Thor  
  125  16:10  SCV  
  129  16:19  Thor  
  135  16:46  Cyclone  
  138  16:48  Refinery  
  138  16:59  Supply Depot  
  138  17:00  Supply Depot  
  138  17:01  Supply Depot  
  138  17:03  Cyclone  
  138  17:06  Supply Depot  
  141  17:09  Supply Depot  
  141  17:21  SCV  
  142  17:29  Supply Depot  
  127  18:34  SCV x2  
  127  18:35  SCV  
  130  18:58  Liberator x2  
  130  18:59  SCV  
  131  19:04  Command Center  
  131  19:07  Terran Vehicle And Ship Armor Level 3, Supply Depot  
  131  19:08  Supply Depot, Terran Ship Weapons Level 1  
  131  19:09  Supply Depot  
  131  19:11  SCV, Terran Infantry Weapons Level 3  
  138  19:27  Factory  
  138  19:29  Starport  
  138  19:32  Supply Depot  
  138  20:03  Advanced Ballistics  
  138  20:05  Corvid Reactor  
  129  21:27  Thor x2  
  129  21:31  Supply Depot  
  129  21:32  Supply Depot  
  141  21:34  Supply Depot  
  141  21:54  Supply Depot  
  141  22:09  Thor  
  141  22:10  Thor  
  153  22:52  Thor  
  159  23:03  SCV  
  160  23:08  Refinery  
  160  23:15  SCV  
Show
View Real Time Build Order
Export as new Build Order

A.I. 1 (Hard) Terran 

Build Orders:  

Get SALT Encoding   

  12  0:00  SCV  
  13  0:13  SCV  
  14  0:19  Supply Depot  
  14  0:25  SCV  
  15  0:40  SCV  
  16  0:45  Barracks  
  16  0:50  Refinery  
  16  0:53  SCV  
  17  1:05  SCV  
  18  1:17  SCV  
  19  1:22  Supply Depot  
  20  1:32  SCV, Marine  
  21  1:45  Orbital Command  
  21  1:52  Barracks Tech Lab, Supply Depot  
  21  2:02  Barracks  
  21  2:10  Marine  
  22  2:23  SCV  
  22  2:28  Marauder  
  25  2:31  Refinery  
  25  2:35  SCV  
  26  2:38  Supply Depot  
  26  2:47  SCV, Engineering Bay  
  26  2:48  Marine  
  26  2:49  Marine  
  29  2:59  SCV  
  30  3:06  Marine  
  30  3:07  Marine  
  30  3:11  SCV  
  33  3:23  SCV  
  33  3:24  Marine  
  33  3:25  Marauder  
  37  4:06  Barracks Tech Lab, Stimpack, Reaper, Terran Infantry Weapons Level 1  
  37  4:07  Factory  
  38  4:14  Missile Turret  
  38  4:19  Missile Turret  
  38  4:23  Combat Shield  
  38  4:24  Marine  
  39  4:26  Supply Depot  
  39  4:30  SCV  
  41  4:38  Marauder  
  41  4:41  Bunker  
  41  4:42  Marauder  
  43  4:52  Factory Tech Lab  
  43  4:59  Marine  
  39  5:03  Marine  
  39  5:04  Factory  
  38  5:17  Marine  
  38  5:21  Reaper  
  40  5:35  Marine, Command Center  
  41  5:42  Concussive Shells  
  41  5:48  Factory Tech Lab  
  41  5:53  Reaper  
  41  5:54  Marauder  
  44  5:59  Barracks  
  44  6:01  Terran Infantry Armor Level 1  
  44  6:07  Starport  
  44  6:08  Supply Depot  
  44  6:15  Marine  
  45  6:25  Marine  
  46  6:33  Reaper  
  47  6:42  Marine  
  47  6:46  Starport Tech Lab  
  48  6:48  SCV  
  48  6:50  SCV  
  50  6:57  Refinery  
  50  6:59  Missile Turret  
  50  7:00  SCV, Missile Turret  
  51  7:02  SCV  
  51  7:04  Raven, Refinery  
  54  7:12  SCV  
  54  7:14  SCV  
  56  7:22  Bunker  
  56  7:24  SCV  
  56  7:26  SCV  
  56  7:27  Sensor Tower  
  58  7:37  SCV, Armory  
  59  7:38  SCV  
  59  7:39  Barracks Reactor  
  60  7:47  Raven  
  60  7:49  SCV  
  60  7:50  SCV  
  64  8:01  SCV, Marine  
  64  8:04  Marine  
  67  8:05  Starport  
  67  8:06  Supply Depot  
  67  8:16  Marine  
  67  8:19  Marine x2  
  68  8:22  Marine  
  67  8:28  SCV  
  67  8:30  SCV, Medivac  
  67  8:34  Marine  
  67  8:37  Marine  
  67  8:38  Marine  
  67  8:40  SCV, Marine  
  65  8:41  Medivac  
  65  8:46  Supply Depot  
  67  8:52  Marine  
  67  8:55  Marauder  
  69  8:56  Marine  
  69  8:59  Raven, Marauder  
  74  9:04  Ghost Academy  
  74  9:09  SCV  
  75  9:10  Marine  
  75  9:11  SCV  
  75  9:12  Starport Tech Lab  
  75  9:13  Marine  
  75  9:16  Marine  
  79  9:18  Supply Depot  
  79  9:19  Command Center, Marine  
  80  9:30  Medivac  
  82  9:34  Marauder  
  82  9:37  Ghost  
  86  9:39  Terran Infantry Weapons Level 2  
  86  9:51  Terran Vehicle Weapons Level 1  
  86  10:11  Engineering Bay  
  86  10:21  Fusion Core  
  86  10:30  Armory  
  86  10:32  SCV  
  86  10:33  SCV  
  86  10:35  SCV  
  89  10:36  Terran Infantry Armor Level 2  
  89  10:41  Refinery  
  89  10:44  SCV  
  89  10:45  SCV  
  89  10:47  SCV  
  92  10:50  Missile Turret  
  92  10:56  SCV  
  93  10:58  SCV, Missile Turret  
  93  10:59  SCV  
  95  11:08  SCV  
  95  11:10  SCV, Refinery  
  96  11:11  SCV  
  96  11:17  Terran Vehicle And Ship Armor Level 1  
  97  11:19  Bunker  
  97  11:20  SCV, Hellion  
  97  11:23  Siege Tank  
  103  11:27  Supply Depot  
  102  11:41  Siege Tank  
  105  11:50  Supply Depot  
  103  11:55  Siege Tank, Marine  
  103  11:59  Marine  
  90  12:03  Marine  
  90  12:06  Marine  
  90  12:08  Raven  
  83  12:13  Raven, Marine  
  82  12:17  Marine  
  82  12:20  Marine  
  82  12:21  SCV  
  85  12:23  SCV  
  85  12:24  Marine  
  85  12:25  SCV  
  85  12:26  Hellion  
  85  12:29  Siege Tank  
  93  12:33  SCV, Marine  
  93  12:35  SCV  
  95  12:37  Marine  
  95  12:41  Marine  
  95  12:42  Supply Depot, Terran Ship Weapons Level 1  
  97  12:44  Marine  
  97  12:48  Hellion  
  97  12:50  Raven  
  102  12:55  Terran Infantry Weapons Level 3  
  102  13:02  Hellion  
  102  13:04  Infernal Pre-Igniter  
  104  13:09  Siege Tank  
  107  13:20  Terran Infantry Armor Level 3  
  107  13:23  Siege Tank  
  110  13:35  Terran Vehicle Weapons Level 2  
  110  13:42  Siege Tank  
  112  13:55  Siege Tank  
  114  14:13  Thor  
  117  14:17  SCV  
  117  14:19  SCV  
  119  14:36  Terran Vehicle And Ship Armor Level 2  
  119  14:42  Marauder, Marine x3  
  119  14:44  Supply Depot  
  124  14:48  Command Center  
  95  15:00  Marauder, Marine x2  
  95  15:03  Marine  
  88  15:18  Marine x2  
  88  15:21  Marine x2  
  92  15:35  Marine  
  92  15:36  Marine  
  92  15:39  Marauder, Marine  
  97  15:53  Marine x2  
  99  15:57  Marauder  
  99  16:01  SCV, Marauder  
  99  16:03  SCV  
  105  16:04  SCV, Refinery  
  106  16:11  Missile Turret, Marine x2  
  106  16:14  Missile Turret  
  106  16:17  Refinery  
  108  16:18  Marauder  
  108  16:21  Marine  
  111  16:25  Neosteel Armor  
  111  16:27  Hi-Sec Auto Tracking  
  111  16:28  Rapid Reignition System  
  111  16:29  Marine x2  
  111  16:31  SCV  
  113  16:35  Terran Ship Weapons Level 2  
  113  16:37  Bunker  
  113  16:39  Marine x2  
  114  16:47  Marine x2  
  115  16:52  Terran Vehicle Weapons Level 3  
  117  16:58  Marauder x2  
  121  17:18  Ghost x2  
  125  17:59  Widow Mine  
  125  18:02  Reaper  
  125  18:05  Widow Mine  
  104  18:07  Ghost  
  104  18:09  Raven  
  104  18:11  Reaper  
  91  18:13  SCV  
  91  18:14  SCV, Medivac, Marine  
  91  18:19  SCV  
  89  18:21  Widow Mine  
  89  18:26  Widow Mine, Drilling Claws  
  90  18:31  Marine  
  90  18:34  Marine  
  91  18:36  Marine  
  91  18:37  SCV  
  93  18:43  Marine  
  93  18:44  Medivac  
  96  18:49  Marine  
  96  18:51  Terran Vehicle And Ship Armor Level 3, Ghost  
  96  18:54  Marine  
  100  19:00  Marine  
  101  19:04  Bunker  
  101  19:07  Marine  
  102  19:12  Marine  
  103  19:18  Marine  
  103  19:21  Marauder  
  106  19:25  Marine  
  106  19:29  Marine, Terran Ship Weapons Level 3  
  108  19:36  Marine  
  105  19:42  Marauder, Command Center  
  105  19:43  Marine  
  105  19:44  SCV  
  101  19:46  SCV  
  101  19:47  SCV  
  101  19:48  Marauder  
  97  19:56  SCV  
  97  19:58  SCV  
  97  19:59  SCV  
  99  20:03  Personal Cloaking, Ghost  
  94  20:08  Ghost  
  94  20:09  SCV  
  94  20:10  SCV, Reaper  
  94  20:11  SCV  
  94  20:13  Marine  
  88  20:21  SCV  
  83  20:22  SCV  
  83  20:24  SCV  
  79  20:29  Command Center  
  79  20:31  Marine x2  
  79  20:33  SCV  
  79  20:34  SCV  
  83  20:36  SCV  
  83  20:37  Marine  
  83  20:42  Marine  
  85  20:44  Refinery  
  85  20:45  SCV  
  85  20:46  SCV  
  85  20:48  SCV  
  85  20:49  Reaper, Marine  
  76  20:53  SCV, Widow Mine  
  76  20:55  Marine  
  60  20:57  SCV  
  60  20:58  SCV  
  60  21:00  SCV, Marine, Widow Mine  
  55  21:06  SCV  
  55  21:08  Marauder  
  55  21:09  SCV  
  55  21:10  SCV, Missile Turret  
  59  21:12  SCV  
  59  21:13  Marine  
  59  21:15  Widow Mine  
  59  21:18  SCV, Marine  
  64  21:20  Marine  
  64  21:21  SCV  
  64  21:23  SCV  
  64  21:24  SCV  
  64  21:28  Ghost  
  64  21:30  SCV  
  64  21:31  Marine  
  67  21:33  SCV, Refinery  
  67  21:35  SCV, Marine  
  67  21:36  SCV, Missile Turret  
  67  21:38  Refinery  
  67  21:39  Reaper  
  66  21:42  SCV  
  66  21:45  SCV  
  67  21:47  SCV  
  67  21:48  SCV  
  67  21:49  Marauder  
  67  21:53  Marine  
  68  21:54  SCV  
  68  21:56  Raven  
  68  21:57  Raven, SCV, Marine  
  68  21:59  SCV  
  68  22:01  SCV, Bunker  
  56  22:06  SCV  
  56  22:10  SCV, Marine x2  
  56  22:11  SCV, Marine  
  56  22:13  SCV  
  56  22:15  Marine  
  62  22:18  SCV  
  62  22:22  SCV  
  53  22:26  Command Center  
  53  22:28  Marine x2  
  53  22:29  Marine  
  41  22:32  Marine  
  41  22:34  SCV  
  41  22:36  SCV  
  40  22:39  Viking  
  40  22:43  SCV  
  38  22:45  Marine  
  38  22:46  SCV, Marine  
  38  22:47  Marine  
  38  22:48  SCV  
  38  22:50  Marine  
  42  22:55  SCV  
  41  22:59  SCV  
  41  23:00  SCV  
  41  23:03  Marine  
  41  23:04  Marine x2  
  42  23:09  Marauder  
  42  23:10  Raven, SCV  
  42  23:12  SCV  
  45  23:13  SCV  
  41  23:22  Marauder, Marine x2  
  41  23:24  SCV  
  41  23:26  SCV  
  45  23:28  SCV  
  45  23:29  Marine  
  44  23:37  Command Center  
  44  23:39  Marine  
  42  23:42  Marine  
  42  23:46  Command Center  
  42  23:47  Marine  
  18  24:00  Marine  
  11  24:07  Marine  
Tags
 
Composition
Mech
Matchup
TvT
Race
Terran
Spawn Locations
Cross Positions
Add a new tag
Caveats
  • Supply blocks, unpowered buildings, or Contaminate may cause inaccurate times.
  • Supply counts are checked every 10 seconds.